glepho, chaotic female vampiric Wizard -------- -------- -------- -------- |!%%%%%| |......| |.......####.......| |%%%!!%| |....%.| |......| |......| |.%....| |......| |......| |>.....| -|------ ----.--- -----.-- -------- ### ### #### ---&---- --.----- --.----- -------- |.@....| |......| |..*....####|.....%| |...&..| #.......| |......| #%......| |.....%%##)#|....... |......| |......| ------|- -------- --.----- -------- ###### # -.------ -------- -------- -------- --.----- |......-### |......| |.......####|......| |......| ||.....| # |.......####.....<.| #->......####.......- |......| ##.......| |.}.}.}| |......| |......| -------- -------- -------- -------- -------- glepho the Conjurer Experience level: 3 Strength: 12 Dexterity: 14 Constitution: 13 Intelligence: 16 Wisdom: 10 Charisma: 11 Health: 0(30) Energy: 29(29) AC: 8 Gold: 344 Moves: 1005 Your Inventory: Coins $ - 344 gold pieces Weapons a - a blessed +3 quarterstaff (weapon in hands) p - a [blessed +1] flail u - an [uncursed +0] spear Armor b - an uncursed very burnt +0 cloak of magic resistance (being worn) o - a [blessed] +1 iron skull cap [orcish helm] (being worn) Scrolls i - a blessed scroll of remove curse m - a [cursed] scroll of blank paper Spellbooks k - a blessed spellbook of force bolt l - an uncursed spellbook of protection Potions f - an uncursed potion of polymorph h - an uncursed potion of water w - an [uncursed] magenta potion [of healing] Rings d - an uncursed ring of fire resistance (on right hand) e - an uncursed ring of shock resistance (on left hand) Wands c - an uncursed wand of light (0:14) t - an [uncursed] wand of fire [0:3] Tools v - an [uncursed tallow] candle Gems q - an [uncursed] violet gem [worthless glass] s - an [uncursed] white gem [worthless glass] Spells known in the end: Name Level Category Fail Memory a - force bolt 1 attack 0% [||||||||] b - protection 1 clerical 0% [||||||||] Your skills at the end: Fighting Skills Weapon Skills quarterstaff [Basic / Expert] Spellcasting Skills attack spells [Basic / Expert] enchantment spells [Basic / Skilled] Final Attributes: You were devoutly aligned. Hunger level was 682. Your alignment was 14 / 15. Monster difficulty range was 0 - 2. Level difficulty was 2. You were immune to fire. You were immune to electricity. You were immune to level-drain. You were magic-protected. You saw invisible. You could fly. You could survive without air. You regenerated. Your luck was zero. You are dead. Vanquished creatures: a shrieker a hobbit a giant rat a gecko 10 jackals a kobold a goblin a sewer rat 3 lichens 3 kobold zombies 2 newts 25 creatures vanquished. Voluntary challenges: You used a wielded weapon 18 times. You read items or engraved 4 times. You put on armor 2 times. You never genocided any monsters. You never polymorphed an object. You never changed form. You used no wishes. You never wrote Elbereth's name. You never encountered a bones level. You never used any Sokoban shortcuts. Dungeon overview: The Dungeons of Doom: levels 1 to 2 Level 1 a long staircase Level 2 <- You were here a delicatessen a long staircase History has recorded: On T:1 you entered the Dungeons of Doom to retrieve the Amulet of Yendor! On T:451 you reached level 2 of The Dungeons of Doom. On T:674 you advanced to experience level 2. On T:937 you advanced to experience level 3. Latest messages: The bottle crashes on the water demon's head and breaks into shards. The potion of blindness evaporates. The water demon hits! (2x) The water demon bites! [HP-4=5] [HP+1=6] [HP+1=7] [HP+1=8] [HP+1=9] [HP+1=10] The water demon attacks a spot beside you. The water demon swings wildly and misses! The water demon strikes at thin air! [HP+1=11] You miss the water demon. (2x) The water demon hits! (2x) The water demon bites! [HP-5=6] The water demon hits! (2x) The water demon bites! You die... Final status: Goodbye glepho the Wizard... You died in The Dungeons of Doom on dungeon level 2 with 664 points, and 344 pieces of gold, after 1005 moves. You were level 3 with a maximum of 30 hit points when you died.